 Dungeon Crawl Stone Soup version 0.25.1-2-g60ff931 (webtiles) character file.

Game seed: 3058443276845816570

93 Askren the Covered (level 4, -1/40 HPs)
             Began as a Hill Orc Fighter on Aug 30, 2020.
             Killed from afar by Natasha (3 damage)
             ... with a puff of flame
             ... on level 2 of the Dungeon.
             The game lasted 00:06:13 (1851 turns).

Askren the Covered (Hill Orc Fighter)               Turns: 1851, Time: 00:06:13

Health: -1/40      AC:  8    Str: 19    XL:     4   Next: 61%
Magic:  4/4        EV:  7    Int:  8    God:
Gold:   82         SH:  9    Dex: 10    Spells: 3/3 levels left

rFire    . . .     SeeInvis .   j - +1 short sword (venom)
rCold    . . .     Gourm    .   c - +0 kite shield
rNeg     . . .     Faith    .   b - +0 scale mail
rPois    .         Spirit   .   (no helmet)
rElec    .         Reflect  .   g - +0 cloak
rCorr    .         Harm     .   (no gloves)
MR       .....                  (no boots)
Stlth    ..........             (no amulet)
HPRegen  0.13/turn              (no ring)
MPRegen  0.09/turn              (no ring)

@: slowed, very slow
A: no striking features
a: no special abilities


You were on level 2 of the Dungeon.
You were not hungry.

You visited 1 branch of the dungeon, and saw 2 of its levels.

You collected 82 gold pieces.

Inventory:

Hand Weapons
 a - a +0 war axe
 j - a +1 short sword of venom (weapon)
Armour
 b - a +0 scale mail (worn)
 c - a +0 kite shield (worn)
 g - a +0 cloak (worn)
Jewellery
 h - an uncursed ring of fire {unknown}
 q - an uncursed amulet of faith
Scrolls
 i - 2 scrolls of identify {unknown}
 l - 2 scrolls of remove curse {unknown}
 n - a scroll of amnesia {unknown}
 o - a scroll of teleportation {unknown}
Potions
 d - a potion of might
 e - a potion of lignification {unknown}
 k - a potion of curing {unknown}
 m - a potion of haste {unknown}
 p - a potion of heal wounds {unknown}
 s - a potion of mutation {unknown}
Comestibles
 f - 5 rations
 r - 4 chunks of flesh


   Skills:
 + Level 4.1 Fighting
 + Level 1.0 Short Blades
 + Level 3.5 Axes
 + Level 4.5 Armour
 + Level 0.7 Dodging
 - Level 3.4 Shields


You had 3 spell levels left.
You didn't know any spells.
Your spell library was empty.

Dungeon Overview and Level Annotations

Branches:
Dungeon (2/15)

Altars:

Annotations:
D:2 Natasha


Message History

Natasha stares at you and mumbles some strange words.
The magic dart hits you.
Natasha mumbles some strange words.
You feel disoriented.
Natasha zaps a wand.
The puff of flame hits you.
Natasha zaps a wand.
The puff of flame hits you!
Natasha zaps a wand.
The puff of flame hits you!
* * * LOW HITPOINT WARNING * * *
You closely miss Natasha. You block Natasha's attack.
Your shield and scale mail prevent you from hitting Natasha.
Natasha zaps a wand.
The puff of flame hits you.
* * * LOW HITPOINT WARNING * * *
You hit Natasha.
Natasha is heavily wounded.
Natasha stares at you and mumbles some strange words.
You feel yourself slow down.
You closely miss Natasha.
Natasha is heavily wounded.
Natasha barely misses you.
Natasha zaps a wand.
The puff of flame hits you.
You die...

#.# #.#### #####....P♣PP #.#
#.##.## #........≈♣♣≈
#.######.#...########.###....≈≈P≈
#.....................# #...♣♣≈P≈
########.#...########## ###.♣≈P≈≈
#......##.## #.♣≈≈≈≈ #.#########
#.≈♣≈≈≈ #.# #############.###
#.♣♣♣≈≈ #.#
#.........@h....#.###.≈♣≈≈≈ #.#
#.###########.#.......P♣≈≈≈
#.###.## ....####≈≈≈≈≈ #>...).#
## #≈♣♣≈≈ #####..# ##≈≈≈≈
######...# #♣♣PP .......#.# #≈≈≈≈
######...# #P♣≈≈
###.#####################♣≈≈


You could see Natasha.

Vanquished Creatures
  Natasha (D:2)
  A gnoll (D:1)
  An adder (D:2)
  3 worms (D:2)
  2 dart slugs (D:2)
  4 bats (D:1)
  A giant cockroach (D:1)
  4 goblins
  5 hobgoblins
  A quokka (D:2)
  2 frilled lizards
  9 kobolds
  5 rats
  A plant (D:2)
40 creatures vanquished.

Notes
Turn   | Place    | Note
-------+----------+-------------------------------------------
     0 | D:1      | Askren the Hill Orc Fighter began the quest for the Orb.
     0 | D:1      | Reached XP level 1. HP: 19/19 MP: 1/1
   115 | D:1      | Reached XP level 2. HP: 4/27 MP: 2/2
   501 | D:1      | Reached XP level 3. HP: 32/33 MP: 3/3
  1396 | D:2      | Reached XP level 4. HP: 29/40 MP: 4/4
  1568 | D:2      | Noticed Natasha
  1576 | D:2      | Killed Natasha
  1792 | D:2      | Reached skill level 1 in Short Blades
  1842 | D:2      | Noticed Natasha
  1849 | D:2      | HP: 2/40 [Natasha/puff of flame (2)]
  1851 | D:2      | Killed from afar by Natasha

Illustrated notes

Levels and vault maps discovered:
D:1:      eino_arrival_water_cross, layout_loops_ring
D:2:      layout_loops_ring, first_ration, chequers_serial_rivers_micro_d,
          corexii_item_surrounded_by_moat, serial_bayou_lake_a, uniq_natasha

Skill      XL: |  1  2  3  4 |
---------------+-------------+-----
Armour         | 4 |  4.5
Axes           | 3 |  3.5
Fighting       | 4 |  4.1
Short Blades   | 1 |  1.0
Dodging        | |  0.7
Shields        | |  3.4

Action                   |  1- 3 |  4- 6 || total
-------------------------+-------+-------++-------
Melee: War axe           |    53 |       ||    53
       Short sword       |    44 |    46 ||    90
  Eat: Ration            |     1 |       ||     1
       Chunk             |     1 |       ||     1
Armor: Scale mail        |    49 |     6 ||    55
Dodge: Dodged            |    28 |     5 ||    33
Block: Kite shield       |    52 |     3 ||    55
